 Dungeon Crawl Stone Soup version 0.23-a0-641-g0a7f1ce553 (webtiles) character file.

9055 HereIgoKillingAgain the Severer (level 11, 0/82 HPs)
             Began as a Hill Orc Fighter on Dec 30, 2018.
             Was a Believer of Makhleb.
             Slain by a warg (5 damage)
             ... on level 10 of the Dungeon.
             The game lasted 00:10:40 (10224 turns).

HereIgoKillingAgain the Severer (Hill Orc Fighter) Turns: 10224, Time: 00:10:40

Health: 0/82       AC: 11    Str: 20    XL:     11   Next: 40%
Magic:  17/17      EV:  7    Int: 11    God:    Makhleb [**....]
Gold:   575        SH:  9    Dex: 10    Spells: 10/10 levels left

rFire    . . .     SeeInvis .   r - +1 war axe (venom)
rCold    . . .     Gourm    .   c - +0 shield
rNeg     . . .     Faith    .   b - +2 scale mail
rPois    .         Spirit   .   (no helmet)
rElec    .         Reflect  .   (no cloak)
rCorr    .         Harm     .   (no gloves)
MR       .....                  (no boots)
Stlth    ..........             (no amulet)
HPRegen  0.23/turn              v - +3 ring of protection
MPRegen  0.15/turn              (no ring)

@: slowed, very slow
A: no striking features
a: Minor Destruction, Renounce Religion


You were on level 10 of the Dungeon.
You worshipped Makhleb.
Makhleb was pleased with you.
You were near starving.

You visited 2 branches of the dungeon, and saw 12 of its levels.
You also visited: Sewer.

You collected 575 gold pieces.

Inventory:

Hand Weapons
 r - a +1 war axe of venom (weapon)
 A - a +0 scimitar of flaming
Armour
 b - a +2 scale mail (worn)
 c - a +0 shield (worn)
Jewellery
 v - a +3 ring of protection (left hand)
Wands
 q - a wand of flame (49)
 s - a wand of disintegration (13)
 w - a wand of digging (3)
 x - a wand of acid (5)
 E - a wand of polymorph (5)
Scrolls
 g - a scroll of blinking
 k - 9 scrolls of teleportation
 m - 3 scrolls of fog
 u - a scroll of fear
 y - 2 scrolls of enchant armour
 C - a scroll of magic mapping
 D - 5 scrolls of remove curse
 F - a scroll of enchant weapon {unknown}
 G - a scroll of identify
 H - a scroll of amnesia {unknown}
Potions
 d - a potion of magic
 e - a potion of haste
 h - 5 potions of curing
 i - 2 potions of resistance {unknown}
 j - 4 potions of invisibility
 l - 2 potions of lignification
 n - 2 potions of ambrosia {unknown}
 o - 5 potions of flight
 p - 4 potions of brilliance {unknown}
 t - a potion of berserk rage
 z - a potion of agility
 B - 3 potions of degeneration {unknown}
Comestibles
 f - 9 rations


   Skills:
 - Level 3.6 Fighting
 * Level 16.7 Axes
 - Level 3.2 Armour
 - Level 3.2 Shields
 + Level 8.4 Invocations
 + Level 8.6 Evocations


You had 10 spell levels left.
You didn't know any spells.
Your spell library contained the following spells:

 Spells                   Type           Power        Failure   Level  Hunger
 Beastly Appendage        Tmut           #.....       99%         1    ##.....
 Confusing Touch          Hex            #.....       99%         1    ##.....
 Infusion                 Chrm           #...         99%         1    ##.....
 Corpse Rot               Necr           N/A          100%        2    ###....
 Shroud of Golubria       Chrm/Tloc      #.........   100%        2    ###....
 Song of Slaying          Chrm           #.......     100%        2    ###....
 Sticks to Snakes         Tmut           #.......     100%        2    ###....
 Confuse                  Hex            #.......     100%        3    ####...
 Gell's Gravitas          Tloc           #.........   100%        3    ####...
 Regeneration             Chrm/Necr      #.........   100%        3    ####...
 Spectral Weapon          Hex/Chrm       #.......     100%        3    ####...
 Spider Form              Tmut/Pois      #.........   100%        3    ####...
 Stone Arrow              Conj/Erth      #.....       100%        3    ####...
 Ice Form                 Ice/Tmut       #.......     100%        4    #####..
 Leda's Liquefaction      Hex/Erth       #.........   100%        4    #####..
 Petrify                  Tmut/Erth      #.......     100%        4    #####..
 Blade Hands              Tmut           #.........   100%        5    ######.
 Metabolic Englaciation   Hex/Ice        #.........   100%        5    ######.
 Summon Forest            Summ/Tloc      #.........   100%        5    ######.
 Yara's Violent Unravell  Hex/Tmut       #.........   100%        5    ######.
 Hydra Form               Tmut           #.........   100%        6    #######
 Summon Hydra             Summ           #.........   100%        7    #######


Dungeon Overview and Level Annotations

Branches:
Dungeon (11/15)            Temple (1/1) D:6            Lair (0/6) D:10
    Orc: D:9-12

Altars:
Ashenzari
Dithmenos
Elyvilon
Kikubaaqudgha
Makhleb
Nemelex Xobeh
Okawaru
Ru
Sif Muna
Uskayaw
Vehumet
Wu Jian
Xom
Yredelemnul

Annotations:
D:10 1 exclusion


Message History

* * * LOW HITPOINT WARNING * * *
You feel much better. The warg barely misses you. The warg bites you!
The orc wizard casts a spell.
The orc wizard seems to speed up.
The orc warrior hits you with a +0 battleaxe of freezing!
* * * LOW HITPOINT WARNING * * *
The orc warrior freezes you.
* * * LOW HITPOINT WARNING * * *
You block the warg's attack. x2
The warg bites you!
* * * LOW HITPOINT WARNING * * *
The warg bites you but does no damage. The warg bites you.
* * * LOW HITPOINT WARNING * * *
Unknown command.
You block the warg's attack.
The orc wizard gestures wildly while chanting.
The orc wizard blinks!
The warg bites you.
* * * LOW HITPOINT WARNING * * *
The warg bites you.
You die...

..... #.#
.....##.#
......#.#
......#.#
.>......#
......§)#
...P.o#o#
P....#hh#
#.#≈≈≈##
.....#.@#
#.≈≈≈≈≈## ....
#..###...≈≈≈≈#
...# #...
..≈.≈≈≈≈≈ ≈..
≈..##≈.≈.≈≈≈≈;
≈≈..#
#.≈.≈≈≈≈#
.≈≈..#
#.≈.≈≈;#
..≈≈..# #.#
.......# #.#
#.#


You could see 2 wargs, an orc warrior and an orc.

Vanquished Creatures
  Erica (D:10)
  3 two-headed ogres
  A centaur zombie (D:9)
  Psyche (D:8)
  A hornet (D:7)
  Grinder (D:3)
  4 wraiths
  Eustachio (D:6)
  A hungry ghost (D:8)
  Edmund (D:5)
  Duvessa (D:6)
  A hornet zombie (D:8)
  2 black bears
  An orc warrior (D:9)
  2 sky beasts
  A water moccasin (D:9)
  2 ice beasts (D:7)
  3 phantoms
  5 ogres
  2 centaurs
  A necrophage (D:9)
  4 big kobolds
  A wyvern zombie (D:9)
  5 bullfrogs
  Dowan (D:6)
  A wyvern skeleton (D:8)
  A scorpion (D:6)
  3 killer bees (D:8)
  A troll skeleton (D:9)
  A wight (D:9)
  2 crimson imps
  3 human zombies (D:9)
  A jelly (D:10)
  3 bullfrog zombies
  An orc priest (D:8)
  3 hounds
  2 centaur skeletons
  2 gnoll shamans
  2 orc wizards
  Ijyb (D:5)
  Jessica (D:3)
  A human skeleton (D:9)
  An iguana (D:5)
  A killer bee zombie (D:9)
  8 worker ants
  3 mummies (D:9)
  20 gnolls
  13 adders
  A river rat (Sewer)
  2 shadow imps
  3 oozes
  2 adder skeletons
  A dart slug (D:1)
  6 worms
  6 leopard geckos
  16 orcs
  8 giant cockroaches
  12 hobgoblins
  21 kobolds
  3 quokkas
  4 ball pythons
  11 bats
  3 frilled lizards
  10 goblins
  2 jackal skeletons
  A leopard gecko skeleton (D:4)
  2 quokka skeletons
  10 rats
246 creatures vanquished.

Vanquished Creatures (others)
  A plant (D:6)
1 creature vanquished.

Grand Total: 247 creatures vanquished

Notes
Turn   | Place    | Note
-------+----------+-------------------------------------------
     0 | D:1      | HereIgoKillingAgain the Hill Orc Fighter began the quest
                  | for the Orb.
     0 | D:1      | Reached XP level 1. HP: 19/19 MP: 1/1
    53 | D:1      | Reached skill level 3 in Axes
   148 | D:1      | Reached XP level 2. HP: 21/26 MP: 2/2
   195 | D:1      | Reached skill level 4 in Axes
   435 | D:1      | Reached XP level 3. HP: 30/31 MP: 3/3
   738 | D:2      | Reached skill level 5 in Axes
  1085 | D:2      | Reached XP level 4. HP: 34/39 MP: 4/4
  1445 | D:3      | Reached skill level 6 in Axes
  1503 | D:3      | Noticed Grinder
  1518 | D:3      | Killed Grinder
  1518 | D:3      | Reached skill level 8 in Axes
  1518 | D:3      | Reached XP level 5. HP: 17/45 MP: 5/5
  1518 | D:3      | Reached XP level 6. HP: 19/51 MP: 6/6
  1761 | D:3      | Noticed Jessica
  1766 | D:3      | Killed Jessica
  2221 | D:4      | Reached skill level 9 in Axes
  2221 | D:4      | Reached skill level 1 in Evocations
  2302 | D:4      | Reached XP level 7. HP: 50/57 MP: 6/8
  2659 | D:4      | Reached skill level 10 in Axes
  2911 | D:5      | Entered Level 5 of the Dungeon
  2922 | D:5      | Noticed Ijyb
  2937 | D:5      | Killed Ijyb
  3119 | D:5      | Reached XP level 8. HP: 47/64 MP: 10/10
  3141 | D:5      | Found a glowing drain.
  3152 | Sewer    | Entered a sewer
  3499 | Sewer    | Reached skill level 11 in Axes
  4034 | D:5      | Noticed Edmund
  4044 | D:5      | Killed Edmund
  4051 | D:5      | Reached skill level 12 in Axes
  4383 | D:6      | Noticed Duvessa
  4383 | D:6      | Noticed Dowan
  4390 | D:6      | Killed Duvessa
  4395 | D:6      | Killed Dowan
  4395 | D:6      | Reached skill level 5 in Evocations
  4414 | D:6      | Reached XP level 9. HP: 66/70 MP: 12/12
  4499 | D:6      | Found a staircase to the Ecumenical Temple.
  4530 | D:6      | Noticed Eustachio
  4540 | D:6      | Killed Eustachio
  4540 | D:6      | Reached skill level 13 in Axes
  4574 | Temple   | Entered the Ecumenical Temple
  4625 | Temple   | Became a worshipper of Makhleb the Destroyer
  4759 | D:6      | Reached skill level 1 in Invocations
  5906 | D:7      | Found an ancient bone altar of Kikubaaqudgha.
  5998 | D:7      | Noticed a hornet
  6004 | D:7      | Killed a hornet
  6515 | D:8      | Reached skill level 14 in Axes
  6533 | D:8      | Got an agate-studded ring mail
  6544 | D:8      | Identified the +0 ring mail of Nemelex Xobeh's Envy {rC+
                  | Dex+6} (You found it on level 8 of the Dungeon)
  6576 | D:8      | Found a shadowy altar of Dithmenos.
  6593 | D:8      | Reached * piety under Makhleb
  6593 | D:8      | Reached XP level 10. HP: 77/77 MP: 14/14
  6818 | D:8      | Noticed Psyche
  6827 | D:8      | Killed Psyche
  6827 | D:8      | Reached skill level 5 in Invocations
  6953 | D:8      | Found an ancient bone altar of Kikubaaqudgha.
  7439 | D:9      | Noticed a two-headed ogre
  7449 | D:9      | Killed a two-headed ogre
  7449 | D:9      | Reached skill level 15 in Axes
  7794 | D:9      | Noticed a two-headed ogre
  7817 | D:9      | Killed a two-headed ogre
  8385 | D:9      | Reached skill level 16 in Axes
  8385 | D:9      | Reached XP level 11. HP: 69/82 MP: 17/17
  8413 | D:9      | Found a basalt altar of Yredelemnul.
  8420 | D:9      | Reached ** piety under Makhleb
  8974 | D:10     | Entered Level 10 of the Dungeon
  9115 | D:10     | Noticed Erica
  9115 | D:10     | Noticed a two-headed ogre
  9124 | D:10     | HP: 3/82 [two-headed ogre/+0 giant club (14)]
  9126 | D:10     | Killed Erica
  9130 | D:10     | Killed a two-headed ogre
 10211 | D:10     | Found a staircase to the Lair.
 10224 | D:10     | Slain by a warg

Vault maps used:
D:1:      minmay_arrival_solitary_statue
D:2:      hangedman_feature_mirror
D:3:      uniq_grinder, uniq_jessica
D:4:      first_ration
D:5:      cheibrodos_sewer_entry_drain, chequers_serial_rivers_small_3,
          uniq_edmund, uniq_ijyb
D:6:      minmay_temple_entry_mini_moons, lexackson_kobold_supper, uniq_duvessa,
          uniq_eustachio
D:7:      minmay_angry_zag, kiku_gazebo_garden_becter, minivault_5
D:8:      serial_glass, glass_columns_a, glass_columns_b, basic_altar,
          blue_anna_alchemist, nicolae_dithmenos_shadow_blocks, uniq_psyche
D:9:      lemuel_mausoleum_altar_yredelemnul
D:10:     erik_lair_orcish_takeover, uniq_erica
D:11:     orc_0_dummy, serial_shops, nicolae_shop_window_shopping,
          ebering_ghost_funeral_grove
Temple:   regret_index_temple_sigil_plot
Sewer:    sewer_co_15_rooms

Skill      XL: |  1  2  3  4  5  6  7  8  9 10 11 |
---------------+----------------------------------+-----
Axes           | 3 4 5 8 9 10 12 14 16 | 16.7
Evocations     | 1 3 5 6 8 |  8.6
Invocations    | 4 7 8 |  8.4
Fighting       | |  3.6
Armour         | |  3.2
Shields        | |  3.2

Action                   |  1- 3 |  4- 6 |  7- 9 | 10-12 || total
-------------------------+-------+-------+-------+-------++-------
Melee: War axe           |   129 |   150 |   409 |   308 ||   996
Evoke: Wand              |       |       |       |     2 ||     2
  Use: Potion            |       |     1 |     1 |     4 ||     6
       Scroll            |       |     5 |    11 |     3 ||    19
  Eat: Ration            |     1 |       |     4 |     3 ||     8
       Chunk             |       |     1 |     9 |     1 ||    11
Armor: Scale mail        |    60 |    52 |   140 |    96 ||   348
Dodge: Dodged            |    47 |    52 |   100 |    55 ||   254
Block: Shield            |    76 |    73 |   148 |   108 ||   405

Table legend:
 A = Non-vault XP
 B = Vault XP
 C = Vault XP percentage of total XP
 D = Non-vault monster count
 E = Vault monster count
 F = Vault count percentage of total count
                 A         B        C        D         E       F
            +---------+---------+-------+---------+---------+-------
      Total |    9160 |    3776 |  29.2 |     191 |      55 |  22.4
            +---------+---------+-------+---------+---------+-------
        D:1 |      43 |       0 |   0.0 |      26 |       0 |   0.0
        D:2 |      60 |       2 |   3.2 |      26 |       1 |   3.7
        D:3 |      73 |     304 |  80.6 |      18 |       2 |  10.0
        D:4 |     509 |       0 |   0.0 |      23 |       0 |   0.0
        D:5 |     624 |     201 |  24.4 |      29 |       4 |  12.1
        D:6 |     713 |     509 |  41.7 |      16 |      11 |  40.7
        D:7 |     598 |     127 |  17.5 |       7 |       1 |  12.5
        D:8 |    1137 |     529 |  31.8 |      18 |       2 |  10.0
        D:9 |    3229 |     875 |  21.3 |      17 |      12 |  41.4
       D:10 |    2089 |     942 |  31.1 |      10 |       2 |  16.7
       D:11 |      85 |       0 |   0.0 |       1 |       0 |   0.0
      Sewer |       0 |     287 | 100.0 |       0 |      20 | 100.0
            +---------+---------+-------+---------+---------+-------
